 Dungeon Crawl Stone Soup version 0.30-a0-568-g124715a40b (webtiles) character file.

Game seed: 10468854689592527021

148762 bmack86 the Tortoise (level 16, -5/149 HPs)
             Began as a Minotaur Fighter on Dec 28, 2022.
             Was a High Priest of Okawaru.
             Killed from afar by a fire dragon (41 damage)
             ... with a blast of flame
             ... on level 3 of the Swamp.
             The game lasted 01:44:24 (26861 turns).

bmack86 the Tortoise (Minotaur Fighter)            Turns: 26861, Time: 01:44:25

Health: -5/149     AC: 49    Str: 27    XL:     16   Next: 95%
Magic:  22/29      EV: 10    Int: 12    God:    Okawaru [*****.]
Gold:   4201       SH: 27    Dex: 15    Spells: 15/15 levels left

rFire   . . .      SeeInvis .    s - +4 broad axe "Qiyschabb" {holy, rElec rN++ Dex+3 Stlth-}
rCold   + + +      Faith    .    Y - +1 tower shield {rC+}
rNeg    + + +      Spirit   .    D - +15 Maxwell's patent armour {-Cast -Tele rElec Will+ rCorr}
rPois   +          Reflect  +    Q - +3 hat of Pondering {ponderous, Will+ MP+10 Int+5}
rElec   +          Harm     .    n - +1 cloak
rCorr   +          Rampage  .    g - +2 pair of gloves
Will    +++..      NoTele   +    r - +1 pair of boots of Naluwniz {rElec rC++ Str+2} Stlth NoCast +
                                 G - amulet of Tewowkul {Reflect rN+ SH+5 Stlth+}
HPRegen 0.44/turn                T - ring of poison resistance
MPRegen 0.21/turn                O - ring of flight

@: heroic, finesse-ful, flying, studying Stealth, slow
A: horns 2, retaliatory headbutt
a: Renounce Religion, Heroism, Finesse, Duel


You were on level 3 of the Swamp.
You worshipped Okawaru.
Okawaru was extremely pleased with you.
You visited 5 branches of the dungeon, and saw 27 of its levels.
You also visited: Ice Cave.

You collected 4325 gold pieces.
You spent 124 gold pieces at shops.

Inventory:

Hand Weapons
 m - a +4 broad axe of draining
 s - the +4 broad axe "Qiyschabb" (weapon) {holy, rElec rN++ Dex+3 Stlth-}
   (Okawaru gifted it to you on level 2 of the Orcish Mines)

   It has been blessed by the Shining One to cause great damage to the undead
   and demons.
   Dex:       It affects your dexterity (+3).
   rElec:     It insulates you from electricity.
   rN:        It greatly protects you from negative energy.
   Stlth:     It makes you less stealthy.
 X - a +1 broad axe of electrocution
Missiles
 c - 26 boomerangs
 d - 2 throwing nets
 N - 4 silver javelins (quivered)
 R - 8 javelins
 V - 8 curare-tipped darts
Armour
 g - a +2 pair of gloves (worn)
 n - a +1 cloak (worn)
 r - the +1 pair of boots of Naluwniz (worn) {rElec rC++ Str+2}
   (You found it on level 5 of the Dungeon)

   Str:       It affects your strength (+2).
   rC:        It greatly protects you from cold.
   rElec:     It insulates you from electricity.
 D - the +15 Maxwell's patent armour (worn) {-Cast -Tele rElec Will+ rCorr}
   (You found it on level 7 of the Dungeon)

   rElec:     It insulates you from electricity.
   -Cast:     It prevents spellcasting.
   -Tele:     It prevents most forms of teleportation.
   rCorr:     It protects you from acid and corrosion.
   Will:      It increases your willpower.
 Q - the +3 hat of Pondering (worn) {ponderous, Will+ MP+10 Int+5}
   (You took it off Gastronok on level 1 of the Lair of Beasts)

   Int:       It affects your intelligence (+5).
   MP:        It affects your magic capacity (+10).
   Will:      It increases your willpower.
 W - the +8 orange crystal plate armour {Archmagi, Int+3 Clar}
   (Okawaru gifted it to you in an ice cave)

   Int:       It affects your intelligence (+3).
   Clar:      It protects you against confusion.
 Y - a +1 tower shield of cold resistance (worn)
Jewellery
 i - an amulet of guardian spirit
 j - a ring of positive energy
 t - a +4 ring of protection
 u - a +4 ring of slaying
 G - the amulet of Tewowkul (around neck) {Reflect rN+ SH+5 Stlth+}
   (You acquired it on level 14 of the Dungeon)

   [amulet of reflection]

   It reflects blocked missile attacks.
   rN:        It protects you from negative energy.
   SH:        It affects your SH (+5).
   Stlth:     It makes you more stealthy.
 I - a +6 ring of intelligence
 J - a ring of protection from fire
 L - a ring of ice
 O - a ring of flight (right hand)
 P - an amulet of faith
 T - a ring of poison resistance (left hand)
Scrolls
 a - 4 scrolls of magic mapping
 f - 2 scrolls of teleportation
 k - 5 scrolls of identify
 p - 6 scrolls of fear
 z - 4 scrolls of fog
 B - a scroll of silence
Potions
 b - 7 potions of resistance
 e - 2 potions of invisibility
 h - 5 potions of ambrosia
 o - 11 potions of curing
 q - 4 potions of flight
 v - 7 potions of lignification
 w - 2 potions of cancellation
 x - 4 potions of brilliance
 A - 4 potions of berserk rage
 C - 3 potions of attraction
 E - 4 potions of haste
 M - 6 potions of might
 S - 5 potions of mutation


   Skills:
 + Level 15.2(20.2) Fighting
 - Level 18.0(23.0) Axes
 + Level 12.4(17.4) Throwing
 + Level 18.8(23.8) Armour
 + Level 15.1(20.1) Shields
 + Level 6.6 Invocations
 - Level 10.0 Evocations


You had 15 spell levels left.
You didn't know any spells.
Your spell library contained the following spells:

 Spells                   Type           Power      Damage    Failure   Level
 Apportation              Tloc           0%         N/A       95%         1
 Magic Dart               Conj           0%         1d3       95%         1
 Necrotise                Necr           0%         1d4       95%         1
 Shock                    Conj/Air       0%         1d3       95%         1
 Blink                    Tloc           0%         N/A       98%         2
 Cigotuvi's Dreadful Rot  Necr/Pois/Air  0%         N/A       98%         2
 Momentum Strike          Conj/Tloc      0%         3d8       98%         2
 Gell's Gravitas          Tloc           0%         N/A       100%        3
 Hailstorm                Conj/Ice       0%         3d3       100%        3
 Lesser Beckoning         Tloc           0%         N/A       100%        3
 Mephitic Cloud           Conj/Pois/Air  0%         N/A       100%        3
 Portal Projectile        Hex/Tloc       0%         N/A       100%        3
 Swiftness                Air            0%         N/A       100%        3
 Teleport Other           Tloc           0%         N/A       100%        3
 Airstrike                Air            0%         2d(0-16)  100%        4
 Dispel Undead            Necr           0%         3d6       100%        4
 Ice Form                 Ice/Tmut       0%         N/A       100%        4
 Leda's Liquefaction      Hex/Erth       0%         N/A       100%        4
 Blade Hands              Tmut           0%         N/A       100%        5
 Dispersal                Tloc           0%         N/A       100%        6
 Iron Shot                Conj/Erth      0%         9d1       100%        6
 Summon Small Mammal      Summ           Unusable   N/A       N/A         1
 Call Imp                 Summ           Unusable   N/A       N/A         2
 Call Canine Familiar     Summ           Unusable   N/A       N/A         3
 Summon Guardian Golem    Hex/Summ       Unusable   N/A       N/A         3
 Animate Armour           Summ/Erth      Unusable   N/A       N/A         4
 Summon Ice Beast         Ice/Summ       Unusable   N/A       N/A         4
 Summon Mana Viper        Hex/Summ       Unusable   N/A       N/A         5
 Death Channel            Necr           Unusable   N/A       N/A         6
 Simulacrum               Ice/Necr       Unusable   N/A       N/A         6
 Monstrous Menagerie      Summ           Unusable   N/A       N/A         7

Dungeon Overview and Level Annotations

Branches:
Dungeon (15/15)            Temple (1/1) D:7            Lair (5/5) D:9
  Swamp (4/4) Lair:2       Spider (0/4) Lair:2        Slime (0/5) Lair:4
    Orc (2/2) D:12            Elf (0/3) Orc:2        Vaults (0/5) D:13
 Depths (0/4) D:15          IceCv (visited)

Altars:
Ashenzari
Cheibriados
Dithmenos
Elyvilon
Fedhas
Gozag
Hepliaklqana
Kikubaaqudgha
Makhleb
Nemelex Xobeh
Okawaru
Qazlal
Ru
Sif Muna
Trog
Uskayaw
Vehumet
Wu Jian
Xom
Yredelemnul
Zin
The Shining One

Shops:
D:2 *   D:5 *   Orc:1 *   Orc:2 [(??

Annotations:
Lair:1 exclusion: oklob plant


Innate Abilities, Weirdness & Mutations

You have a pair of horns on your head.
You reflexively headbutt those who attack you in melee.


Message History

You block the eight-headed hydra's attack.
The eight-headed hydra barely misses you.
The eight-headed hydra closely misses you.
You block the eight-headed hydra's attack.
The eight-headed hydra completely misses you.
The eight-headed hydra bites you but does no damage.
You fly upwards.
There is a stone staircase leading down, spattered with blood here.
You gain the combat prowess of a mighty hero.
You block the fire dragon's attack. x2
The fire dragon tramples you but does no damage.
You block the bunyip's attack.
The bunyip claws you but does no damage.
The bunyip completely misses you.
The eight-headed hydra closely misses you.
The eight-headed hydra bites you but does no damage. x2
The eight-headed hydra bites you.
The eight-headed hydra bites you but does no damage.
The eight-headed hydra bites you!
* * * LOW HITPOINT WARNING * * *
The eight-headed hydra bites you but does no damage.
The eight-headed hydra closely misses you.
You can now deal lightning-fast blows.
You block the fire dragon's attack. x2; The fire dragon tramples you.
* * * LOW HITPOINT WARNING * * *
You hold your ground!
The eight-headed hydra bites you but does no damage.
You block the eight-headed hydra's attack.
The eight-headed hydra bites you but does no damage. x3
The eight-headed hydra closely misses you.
You block the eight-headed hydra's attack.
The eight-headed hydra barely misses you.
You chop one of the eight-headed hydra's heads off!
The seven-headed hydra grows two more!
You slice the nine-headed hydra!! You headbutt the nine-headed hydra.
The nine-headed hydra is moderately wounded.
You barely miss the fire dragon. You slash the bunyip!
The fire dragon breathes flames at you. The blast of flame hits you!!!
You die...

~~♣<.§...~~.♣~~~..~.~~~~♣♣♣.♣♣♣~.
~~~~.~.~.~~~~<..~~~.~.~♣♣ ♣♣♣ ♣♣.
.~...~~~.~~~~~.~.~.~♣§.♣♣ ♣♣
~~.~.~~~~.~...~~.~~~♣~♣.♣ ♣
§~.~.>.~~~♣.~♣~~..~....♣♣ ♣
~~~~~~~..~~~~~~♣.~~~~~.♣ ♣
.♣.~§~~~.~~~~.~...~~~~.♣
.~..~..~~~.~♣..DD[...~.♣
~~.~~~~~~~~~§..~@[.~~.♣♣
~~.~~~).~~♣.~~~~x♣.~~~♣
.~~~.~.♣~.♣~~~~§...~~♣♣
§~♣~~.♣♣~~♣♣~~~~....♣♣
♣~....♣♣.~♣♣.~~.~..♣♣
♣♣♣~.♣♣♣.♣♣♣♣~~~~.♣♣ ♣♣.♣.♣♣♣♣♣
♣~~..~♣ ♣.♣..~♣♣♣♣♣ ♣.♣.♣~♣
♣..♣~~.♣♣.♣♣♣.♣.♣~♣


You could see a fire dragon (catching breath), a bunyip and a nine-headed hydra.

Vanquished Creatures
  A caustic shrike (shapeshifter) (D:15)
  An Ice Fiend (IceCv)
  Gastronok (Lair:1)
  Agnes (D:14)
  Donald (Swamp:2)
  The ghost of BubbleThief the Crack Shot, an adept TeHu of Elyvilon (Swamp:3)
  2 orc warlords (Orc:2)
  2 ghouls
  3 eleionomae
  Nessos (Lair:3)
  6 bunyips
  Snorg (D:13)
  Fannar (D:10)
  Josephine (D:15)
  An ice dragon (D:13)
  13 hydras
  A ghost crab (Swamp:2)
  A death knight (D:14)
  7 centaur warriors
  3 boulder beetles
  2 catoblepae (Lair:5)
  8 alligators
  9 two-headed ogres
  An orc high priest (Orc:2)
  A tengu warrior (D:12)
  Nergalle (D:12)
  An iron troll (D:13)
  Sonja (Lair:1)
  2 spriggan druids
  2 spriggan simulacra (IceCv)
  A lindwurm (Lair:5)
  7 bog bodies
  3 goliath frogs
  4 swamp dragons
  A deep elf archer (D:13)
  An obsidian statue (IceCv)
  4 deep elf pyromancers
  A wizard (D:12)
  An orange crystal statue (IceCv)
  A harpy (shapeshifter) (D:13)
  4 orc knights
  A salamander (D:15)
  A wolf spider (D:15)
  7 manticores
  2 will-o-the-wisps (Swamp:2)
  7 cyclopes
  2 orc sorcerers (Orc:2)
  20 slime creatures
  2 ice statues (D:14)
  24 elephants
  16 black mambas
  A torpor snail (Lair:3)
  2 gargoyles
  11 cane toads
  Maggie (Lair:1)
  7 rime drakes
  An unseen horror (shapeshifter) (D:15)
  An efreet (D:13)
  A tengu conjurer (D:13)
  9 freezing wraiths
  6 komodo dragons
  An anaconda simulacrum (IceCv)
  4 kobold demonologists (D:13)
  6 ice devils (IceCv)
  5 tyrant leeches
  A bloated husk (Swamp:1)
  3 meliai (D:15)
  12 polar bears
  14 trolls
  6 hornets
  3 raiju
  4 blink frogs
  3 dream sheep
  6 spriggans
  A shadow (D:9)
  2 wyverns
  A dire elephant simulacrum (IceCv)
  4 hogs
  A vampire (D:7)
  8 wraiths
  A human (Swamp:3)
  2 steam dragons (Swamp:4)
  43 yaks
  A fire elemental (Lair:1)
  5 basilisks
  Grum (Lair:1)
  2 redbacks (Lair:2)
  12 vampire mosquitoes
  4 minotaur simulacra (IceCv)
  10 swamp worms
  2 acid dragons (D:10)
  3 harpy simulacra (IceCv)
  19 wargs
  A hydra simulacrum (IceCv)
  15 water moccasins
  14 hell hounds
  41 orc warriors
  2 sky beasts (D:7)
  5 swamp drakes
  11 black bears (Lair:5)
  6 ogres
  11 centaurs
  51 wolves
  A kobold brigand (D:11)
  11 bullfrogs
  11 gnoll sergeants
  A necrophage (D:4)
  2 scorpions
  8 wights
  A lindwurm simulacrum (IceCv)
  16 howler monkeys
  A crimson imp (D:12)
  7 lava snakes
  2 jellies (D:8)
  6 hounds
  25 orc priests
  An iron imp (D:8)
  Crazy Yiuf (D:3)
  Ijyb (D:3)
  3 iguanas
  25 orc wizards
  Robin (D:3)
  2 adders (D:4)
  15 gnolls
  4 shadow imps
  A white imp (D:5)
  9 worms
  2 dart slugs (D:1)
  82 orcs
  8 ball pythons
  3 bats
  13 endoplasms
  2 giant cockroaches
  19 goblins
  12 hobgoblins
  9 kobolds
  2 quokkas
  5 frilled lizards
  4 rats
  A bush (D:7)
891 creatures vanquished.

Vanquished Creatures (others)
  Kirke (Swamp:3)
  A deep elf pyromancer (D:15)
  A tengu conjurer (D:13)
  2 bloated husks
  A hog (Swamp:4)
  A swamp drake (Swamp:4)
  A centaur (D:13)
  A fire vortex (Lair:1)
  2 foxfires (Swamp:2)
  18 fungi
  43 plants
72 creatures vanquished.

Grand Total: 963 creatures vanquished

Notes
Turn   | Place    | Note
-------+----------+-------------------------------------------
     0 | D:1      | bmack86 the Minotaur Fighter began the quest for the Orb.
     0 | D:1      | Reached XP level 1. HP: 19/19 MP: 0/0
    87 | D:1      | Reached XP level 2. HP: 27/27 MP: 1/1
   311 | D:1      | Reached XP level 3. HP: 21/33 MP: 2/2
  1400 | D:2      | Found Jamamaangu's General Store.
  1403 | D:2      | Bought a throwing net for 36 gold pieces
  1699 | D:3      | Noticed Robin
  1709 | D:3      | Reached XP level 4. HP: 27/40 MP: 3/3
  1712 | D:3      | Killed Robin
  1871 | D:3      | Noticed Ijyb
  1882 | D:3      | Killed Ijyb
  2004 | D:3      | Reached skill level 1 in Throwing
  2004 | D:3      | Reached XP level 5. HP: 29/47 MP: 2/4
  2122 | D:3      | Identified the +8 sling of the Hidden Ears {heavy, Int+4
                  | Dex+3}
  2473 | D:3      | Found a runed translucent door.
  2474 | D:3      | Noticed Crazy Yiuf
  2571 | D:3      | Killed Crazy Yiuf
  2851 | D:4      | Found a burning altar of Makhleb.
  3049 | D:4      | Reached skill level 5 in Axes
  3049 | D:4      | Reached XP level 6. HP: 32/55 MP: 1/5
  3226 | D:4      | Reached skill level 1 in Evocations
  3632 | D:5      | Entered Level 5 of the Dungeon
  3671 | D:5      | Reached skill level 5 in Fighting
  3671 | D:5      | Reached skill level 5 in Armour
  3671 | D:5      | Reached skill level 5 in Shields
  3716 | D:5      | Noticed a water moccasin
  3718 | D:5      | Killed a water moccasin
  3719 | D:5      | Reached XP level 7. HP: 61/61 MP: 6/6
  4039 | D:5      | Found an opulent altar of Gozag.
  4045 | D:5      | Found Gozag's Platinum Reserve.
  4334 | D:5      | Identified the +1 pair of boots of Naluwniz {rElec rC++
                  | Str+2}
  4683 | D:5      | Identified 3 scrolls of acquirement
  4683 | D:5      | Acquired 1235 gold pieces
  4685 | D:5      | Acquired a +4 ring of protection
  4688 | D:5      | Acquired a manual of Stealth
  4867 | D:6      | Identified the +6 whip "Kissyewk" {flame, Contam rCorr
                  | Int+2}
  4872 | D:6      | Reached XP level 8. HP: 69/70 MP: 7/7
  4904 | D:6      | Found a blossoming altar of Fedhas.
  5059 | D:6      | Found a sacrificial altar of Ru.
  5495 | D:7      | Found the +15 Maxwell's patent armour {-Cast -Tele rElec
                  | Will+ rCorr}
  5865 | D:7      | Found a staircase to the Ecumenical Temple.
  5885 | Temple   | Entered the Ecumenical Temple
  5987 | Temple   | Became a worshipper of Warmaster Okawaru
  6126 | D:7      | Acquired a +1 broad axe of draining
  6281 | D:8      | Found an ornate altar of the Wu Jian Council.
  6356 | D:8      | Found a snail-covered altar of Cheibriados.
  6382 | D:8      | Reached XP level 9. HP: 78/78 MP: 8/8
  6468 | D:8      | Reached * piety under Okawaru
  6847 | D:9      | Reached ** piety under Okawaru
  6848 | D:9      | Reached skill level 5 in Throwing
  6853 | D:9      | Reached XP level 10. HP: 65/86 MP: 7/9
  6868 | D:9      | Found a staircase to the Lair.
  7000 | D:9      | Found a shimmering altar of Xom.
  7158 | D:9      | Reached skill level 10 in Axes
  7159 | D:9      | Reached *** piety under Okawaru
  7490 | D:9      | Reached skill level 5 in Evocations
  7566 | D:10     | Entered Level 10 of the Dungeon
  8002 | D:11     | Noticed a gargoyle
  8008 | D:11     | Killed a gargoyle
  8008 | D:11     | Reached **** piety under Okawaru
  8140 | D:10     | Noticed a two-headed ogre
  8143 | D:10     | Killed a two-headed ogre
  8216 | D:10     | Noticed Fannar
  8227 | D:10     | Killed Fannar
  8227 | D:10     | Reached ***** piety under Okawaru
  8228 | D:10     | Reached skill level 10 in Armour
  8228 | D:10     | Reached XP level 11. HP: 95/95 MP: 8/10
  9069 | Lair:1   | Entered Level 1 of the Lair of Beasts
  9133 | Lair:1   | Identified the +0 robe of Mihiseod {Str+2 Dex+2} (Okawaru
                  | gifted it to you on level 1 of the Lair of Beasts)
  9133 | Lair:1   | Received a gift from Okawaru
  9268 | Lair:1   | Noticed an oklob plant
  9673 | Lair:1   | Reached XP level 12. HP: 106/106 MP: 11/11
  9685 | Lair:1   | Noticed Grum
  9687 | Lair:1   | Noticed Maggie
  9695 | Lair:1   | Killed Grum
  9701 | Lair:1   | Killed Maggie
  9835 | Lair:1   | Noticed Gastronok
  9855 | Lair:1   | Killed Gastronok
  9855 | Lair:1   | Received a gift from Okawaru
  9856 | Lair:1   | Reached skill level 10 in Shields
  9960 | Lair:1   | Noticed Sonja
  9962 | Lair:1   | Killed Sonja
  9963 | Lair:1   | Reached skill level 10 in Fighting
 10120 | Lair:2   | Received a gift from Okawaru
 10188 | Lair:2   | Received a gift from Okawaru
 10256 | Lair:2   | Found a hole to the Spider Nest.
 10424 | Lair:2   | Received a gift from Okawaru
 10696 | Lair:2   | Noticed a five-headed hydra
 10708 | Lair:2   | Killed an 11-headed hydra
 10708 | Lair:2   | Identified the +1 hat of Bargh {Dex+3} (Okawaru gifted it
                  | to you on level 2 of the Lair of Beasts)
 10708 | Lair:2   | Received a gift from Okawaru
 10854 | Lair:2   | Noticed a five-headed hydra
 10866 | Lair:2   | Killed a 12-headed hydra
 10881 | Lair:2   | Found a staircase to the Swamp.
 11529 | Lair:3   | Noticed Nessos
 11536 | Lair:3   | Killed Nessos
 11682 | Lair:3   | Reached XP level 13. HP: 115/115 MP: 12/12
 12072 | Lair:3   | Received a gift from Okawaru
 12435 | Lair:3   | Identified the +1 scale mail of Hide-and-Seek {rN++}
 12639 | Lair:3   | Reached skill level 15 in Axes
 12872 | Lair:4   | Reached ****** piety under Okawaru
 12872 | Lair:4   | Received a gift from Okawaru
 13500 | Lair:4   | Found a staircase to the Slime Pits.
 13818 | Lair:5   | Entered Level 5 of the Lair of Beasts
 13908 | Lair:5   | Identified the +4 quarterstaff "Jehirhido" {freeze, rN+
                  | rCorr Int+4 Stlth+}
 14006 | Lair:5   | Reached skill level 15 in Armour
 14044 | Lair:5   | Reached XP level 14. HP: 118/125 MP: 13/13
 14044 | Lair:5   | Identified the +1 chain mail of the Garden {Will+ SInv}
                  | (Okawaru gifted it to you on level 5 of the Lair of Beasts)
 14044 | Lair:5   | Received a gift from Okawaru
 14062 | Lair:5   | Identified the +1 leather armour of Desebryi {*Corrode
                  | Int+5 Dex+4}
 14520 | Lair:5   | Found an iron altar of Okawaru.
 15995 | D:11     | Reached skill level 10 in Throwing
 16042 | D:11     | Received a gift from Okawaru
 16385 | D:12     | Received a gift from Okawaru
 16615 | D:12     | Received a gift from Okawaru
 16677 | D:12     | Noticed Nergalle
 16688 | D:12     | Killed Nergalle
 16782 | D:12     | Received a gift from Okawaru
 17098 | D:12     | Found a staircase to the Orcish Mines.
 17207 | Orc:1    | Entered Level 1 of the Orcish Mines
 17230 | Orc:1    | Received a gift from Okawaru
 17376 | Orc:1    | Found Wubras's Assorted Antiques.
 17644 | Orc:1    | Found Ledwitupt's Overcharged Wands.
 17974 | Orc:2    | Entered Level 2 of the Orcish Mines
 18262 | Orc:2    | Found Zidilatu's Magic Scroll Shoppe.
 18269 | Orc:2    | Bought a scroll of identify for 32 gold pieces
 18439 | Orc:2    | Noticed an orc warlord
 18453 | Orc:2    | Reached XP level 15. HP: 134/134 MP: 14/14
 18553 | Orc:2    | Found a staircase to the Elven Halls.
 18814 | Orc:2    | Found Gaon's Antique Armour Shop.
 18831 | Orc:2    | Identified the +4 broad axe "Qiyschabb" {holy, rElec rN++
                  | Dex+3 Stlth-} (Okawaru gifted it to you on level 2 of the
                  | Orcish Mines)
 18831 | Orc:2    | Received a gift from Okawaru
 18835 | Orc:2    | Found Yfonehoa's Antique Weapon Boutique.
 19207 | Orc:2    | Found Vooth's Magic Scroll Shoppe.
 19226 | Orc:2    | Bought a scroll of identify for 28 gold pieces
 19226 | Orc:2    | Bought a scroll of identify for 28 gold pieces
 19551 | D:13     | Found a blossoming altar of Fedhas.
 19638 | D:13     | Reached skill level 1 in Invocations
 19650 | D:13     | Found a gate to the Vaults.
 19911 | D:13     | Received a gift from Okawaru
 20124 | D:13     | Identified the +6 hand crossbow of the Wasp {penet, Str+3}
                  | (Okawaru gifted it to you on level 13 of the Dungeon)
 20124 | D:13     | Received a gift from Okawaru
 20229 | D:13     | Reached skill level 10 in Evocations
 20586 | D:13     | Noticed Snorg
 20600 | D:13     | Killed Snorg
 21085 | D:14     | Found a frozen archway.
 21118 | D:14     | Acquired the amulet of Tewowkul {Reflect rN+ SH+5 Stlth+}
 21286 | D:14     | Noticed Agnes
 21297 | D:14     | Killed Agnes
 21372 | IceCv    | Entered an ice cave
 21475 | IceCv    | Received a gift from Okawaru
 21475 | IceCv    | Found the +8 orange crystal plate armour {Archmagi, Int+3
                  | Clar}
 21729 | IceCv    | Noticed an Ice Fiend
 21740 | IceCv    | Killed an Ice Fiend
 21741 | IceCv    | Reached XP level 16. HP: 58/146 MP: 18/18
 22287 | D:14     | Found a broken altar of Ashenzari.
 22647 | D:15     | Entered Level 15 of the Dungeon
 22927 | D:15     | Noticed Josephine
 22939 | D:15     | Killed Josephine
 23268 | D:15     | Found a staircase to the Depths.
 23278 | D:15     | a dire elephant changed into a storm dragon
 23278 | D:15     | Noticed a storm dragon (glowing shapeshifter)
 23280 | D:15     | a storm dragon changed into a dire elephant
 23281 | D:15     | a dire elephant changed into a kraken
 23281 | D:15     | Noticed a kraken (glowing shapeshifter)
 23282 | D:15     | a kraken changed into a stone giant
 23295 | D:15     | a stone giant changed into a kraken
 23295 | D:15     | Noticed a kraken (glowing shapeshifter)
 23298 | D:15     | a kraken changed into a quicksilver dragon
 23298 | D:15     | Noticed a quicksilver dragon (glowing shapeshifter)
 23301 | D:15     | a quicksilver dragon changed into a shadow dragon
 23301 | D:15     | Noticed a shadow dragon (glowing shapeshifter)
 23305 | D:15     | a shadow dragon changed into an iron dragon
 23311 | D:15     | an iron dragon changed into a caustic shrike
 23311 | D:15     | Noticed a caustic shrike (glowing shapeshifter)
 23320 | D:15     | Killed a caustic shrike
 23893 | Swamp:1  | Entered Level 1 of the Swamp
 24351 | Swamp:1  | Reached skill level 5 in Invocations
 24889 | Swamp:1  | Received a gift from Okawaru
 25329 | Swamp:2  | Noticed Donald
 25351 | Swamp:2  | Killed Donald
 26371 | Swamp:3  | Found a runed translucent door.
 26371 | Swamp:3  | Noticed BubbleThief's ghost (adept TeHu)
 26403 | Swamp:3  | Killed BubbleThief's ghost
 26469 | Swamp:3  | Reached skill level 15 in Fighting
 26732 | Swamp:4  | Entered Level 4 of the Swamp
 26732 | Swamp:4  | Noticed Kirke
 26749 | Swamp:4  | Reached skill level 15 in Shields
 26762 | Swamp:3  | Killed Kirke
 26861 | Swamp:3  | Killed from afar by a fire dragon

Illustrated notes

Levels and vault maps discovered:
D:1:      wheals_arrival_linesprint, layout_basic, dreamdust_princess_corridor
D:2:      layout_basic, serial_shops, nicolae_shop_behind_doors, minmay_bisected
D:3:      layout_basic, uniq_crazy_yiuf_cottage, uniq_ijyb, uniq_robin
D:4:      layout_basic, bloody_makhleb
D:5:      layout_cave_pods, nicolae_gozag_zags_fifth_avenue, nicolae_wormholes
D:6:      layout_loops_ring, mainiacjoe_overflow_small_starburst,
          nicolae_ru_great_annihilating_truth
D:7:      layout_cave_pools, minmay_temple_entry_enclosed_plants,
          serial_column_ruins, column_ruins_pillar_4, column_ruins_pillar_3,
          column_ruins_pillar_10, column_ruins_pillar_10, column_ruins_pillar_4,
          column_ruins_pillar_6, column_ruins_pillar_3, column_ruins_pillar_1,
          column_ruins_pillar_9, column_ruins_pillar_3, column_ruins_pillar_7,
          column_ruins_pillar_3, column_ruins_pillar_4, column_ruins_pillar_8,
          column_ruins_pillar_4, column_ruins_pillar_4, minmay_chambers_of_fives
D:8:      layout_basic, slow_altar_1, nicolae_wu_jian_immortal_techniques,
          chequers_arboretum, minmay_manual_mares
D:9:      layout_gridville, pf_just_have_faith, grunt_lair_entry_orc_guard_hut
D:10:     erik_rubicon_a, layout_loops_cross, uniq_fannar
D:11:     layout_loops_corners
D:12:     layout_roguey, orc_0_dummy, lightli_wizard_tower, uniq_nergalle
D:13:     lemuel_castle_with_subvaults [lemuel_castle_interior_original],
          layout_stronghold, david_vaults_4, drop_trap, grunt_ogre_cave,
          fedhas_altar_3, uniq_snorg
D:14:     layout_irregular_city, portal_ice_cave_entry_ice_statue_two,
          ashenzari_conservatory_becter, uniq_agnes
D:15:     hangedman_depths_entry_try_elsewhere_first, layout_cave_pools,
          minmay_misc_feat_rugged, uniq_josephine
Temple:   nicolae_temple_superstar
Lair:1:   layout_gridlike, minivault_19, infiniplex_staircase_pool_2,
          uniq_gastronok, uniq_maggie, uniq_sonja, uniq_grum
Lair:2:   layout_cave_shapes, palyth_hydra_swamp_entry, spider_nest_entry_webs,
          st_stairs_10, serial_bayou_shore_a
Lair:3:   nzn_winding_woodlands_stair_cross [nzn_winding_woodlands_5x15_crooked,
          nzn_winding_woodlands_center_diamonds,
          nzn_winding_woodlands_5x15_jagged,
          nzn_winding_woodlands_5x5_checkerboard,
          nzn_winding_woodlands_5x5_perimeter,
          nzn_winding_woodlands_5x15_zeroes, nzn_winding_woodlands_center_lodge,
          nzn_winding_woodlands_5x15_twine], layout_gridlike,
          gauntlet_entry_generic, eino_small_chamber_without_monster,
          minmay_shattered_shrine, uniq_nessos
Lair:4:   layout_regular_city, slime_entry_1
Lair:5:   hangedman_lair_caniforms_friends, layout_regular_city,
          hangedman_lair_in_review, basic_altar, lemuel_fruit_fields
Swamp:1:  layout_basic_swamp, evilmike_swamp_ruin_house_4,
          nicolae_swamp_small_spring
Swamp:2:  layout_basic_swamp, nicolae_swamp_oxbows, swamp_pool1, uniq_donald
Swamp:3:  layout_falls_marsh, hellmonk_ghost_happy_afterlife,
          nicolae_swamp_very_dense_foliage
Swamp:4:  swamp_fiery, layout_basic_swamp, swamp_pool4, uniq_aizul, uniq_kirke
Orc:1:    cheibrodos_orc_arena, layout_diamond_mine, serial_shops,
          nicolae_shop_statue_plus, nicolae_shop_overcharged_wands
Orc:2:    grunt_orc_community_town_hall, layout_caves,
          grunt_orc_community_big_house_2, grunt_orc_community_big_house_2,
          grunt_orc_community_house_3, grunt_orc_community_house_2,
          grunt_orc_community_house_2, grunt_orc_community_house_3,
          grunt_orc_community_house_3

Skill      XL: |  1  2  3  4  5  6  7  8  9 10 11 12 13 14 15 16 |
---------------+-------------------------------------------------+-----
Axes           | 3 4 5 6 8 9 11 12 14 15 17 18 | 18.0
Fighting       | 4 5 6 7 8 9 10 11 12 14 15 | 15.2
Armour         | 4 5 6 8 10 11 13 15 16 17 18 | 18.8
Shields        | 4 5 6 7 8 9 10 11 12 14 15 | 15.1
Throwing       | 1 2 3 4 5 6 7 8 9 10 11 12 | 12.4
Evocations     | 1 2 3 4 5 6 7 8 9 10 | 10.0
Invocations    | 4 6 |  6.6

Action                   |  1- 3 |  4- 6 |  7- 9 | 10-12 | 13-15 | 16-18 || total
-------------------------+-------+-------+-------+-------+-------+-------++-------
Melee: War axe           |   105 |    86 |   162 |    46 |       |       ||   399
       Headbutt          |    11 |    12 |    27 |    78 |   260 |   110 ||   498
       Broad axe         |       |       |       |   322 |   976 |   410 ||  1708
Throw: Throwing net      |       |     1 |     1 |       |       |       ||     2
       Boomerang         |       |       |     5 |    16 |    10 |       ||    31
       Javelin           |       |       |       |     3 |    11 |    10 ||    24
Invok: Heroism           |       |       |       |     5 |     9 |     6 ||    20
       Finesse           |       |       |       |       |       |     5 ||     5
  Use: Scroll            |     6 |     4 |     8 |     8 |    14 |     2 ||    42
       Potion            |       |     1 |     2 |       |       |     2 ||     5
 Stab: Paralysed         |       |       |     1 |       |       |       ||     1
       Petrified         |       |       |       |       |     1 |       ||     1
       Confused          |       |       |       |       |       |     4 ||     4
Armor: Scale mail        |    56 |    37 |    21 |       |       |       ||   114
       Chain mail        |       |       |    22 |       |       |       ||    22
       Plate armour      |       |       |    82 |   393 |  1036 |   450 ||  1961
Dodge: Dodged            |    45 |    37 |    61 |   126 |   374 |   122 ||   765
Block: Buckler           |    25 |    20 |    26 |       |       |       ||    71
       Kite shield       |       |       |    56 |   290 |   841 |       ||  1187
       Reflection        |       |       |     6 |     8 |    49 |    12 ||    75
       Tower shield      |       |       |       |       |   150 |   579 ||   729

Table legend: (Time is in decaauts)
 A = Elapsed time spent in this place.
 B = Non-inter-level travel time spent in this place.
 C = Inter-level travel time spent in this place.
 D = Time resting spent in this place.
 E = Time spent auto-exploring this place.
 F = Levels seen in this place.
 G = Mean time per level.
                   A        B        C        D        E       F      G
               +--------+--------+--------+--------+--------+-----+--------+
         Total |  27997 |  26644 |   1353 |   1895 |  15205 |  28 |  999.9 |
       Dungeon |  14894 |  13897 |    997 |    393 |   8519 |  15 |  992.9 |
        Temple |    125 |    125 |      0 |      0 |     66 |   1 |  125.0 |
          Lair |   6953 |   6701 |    252 |     52 |   4400 |   5 | 1390.6 |
         Swamp |   3062 |   2990 |     72 |    766 |   1171 |   4 |  765.5 |
  Orcish Mines |   2209 |   2179 |     30 |    288 |   1025 |   2 | 1104.5 |
      Ice Cave |    751 |    751 |      0 |    396 |     22 |   1 |  751.0 |
               +--------+--------+--------+--------+--------+-----+--------+

Top non-repeatable levels by time:
    D:13: 1818 daAuts
  Lair:5: 1689 daAuts
  Lair:3: 1652 daAuts
  Lair:2: 1449 daAuts
   Orc:2: 1361 daAuts
 Swamp:1: 1222 daAuts
    D:10: 1217 daAuts
    D:11: 1214 daAuts
     D:3: 1150 daAuts
  Lair:1: 1093 daAuts
     D:5: 1072 daAuts
  Lair:4: 1068 daAuts
    D:15: 1065 daAuts
 Swamp:3: 986 daAuts
    D:12: 976 daAuts
